 Dungeon Crawl Stone Soup version 0.22-a0-149-g870e420 (webtiles) character file.

24201 mhoghedin the Fighter (level 13, -5/87 HPs)
             Began as a Kobold Conjurer on Feb 7, 2018.
             Was an Elder of Ashenzari.
             Slain by a torpor snail (14 damage)
             ... on level 3 of the Lair of Beasts.
             The game lasted 01:22:17 (23757 turns).

mhoghedin the Fighter (Kobold Conjurer)            Turns: 23757, Time: 01:22:18

Health: -5/87      AC: 10    Str:  5    XL:     13   Next: 41%
Magic:  0/21       EV: 17    Int: 25    God:    Ashenzari [****..]
Gold:   938        SH:  0    Dex: 16    Spells: 3/22 levels left

rFire    + . .     SeeInvis +   a - +2 dagger (venom)
rCold    + . .     Gourm    .   (shield restricted)
rNeg     + . .     Faith    .   u - +1 ring mail of the Equator {+Inv Int+4} (curse)
rPois    .         Spirit   +   l - +0 helmet (curse)
rElec    .         Reflect  .   F - scarf {rC+ rF+} (curse)
rCorr    .         Harm     .   (no gloves)
MR       .....     Clarity  +   p - +0 pair of boots
Stlth    +++.......             w - amulet of guardian spirit (curse) {Spirit}
HPRegen  0.24/turn              i - ring of flight {+Fly, !d}
MPRegen  0.17/turn              h - ring of positive energy {rN+}

@: very slightly contaminated, slowed, studying Fighting, very slow
A: small, carnivore
a: Curse Item, Scrying, Renounce Religion, Evoke Invisibility, Evoke Flight


You were on level 3 of the Lair of Beasts.
You worshipped Ashenzari.
Ashenzari was greatly pleased with you.
You were very full.

You visited 2 branches of the dungeon, and saw 14 of its levels.
You also visited: Ossuary and Bailey.

You collected 938 gold pieces.

Inventory:

Hand Weapons
 a - a +2 dagger of venom (weapon)
   (You took it off Sonja on level 11 of the Dungeon)
 b - the +8 falchion of Ufao {freeze, *Rage rN+ MR+}
   (You took it off a kobold on level 11 of the Dungeon)

   It has been specially enchanted to freeze those struck by it, causing extra
   injury to most foes and up to half again as much damage against particularly
   susceptible opponents.
   It can also slow down cold-blooded creatures.
   It protects you from negative energy.
   It affects your resistance to hostile enchantments.
   It may make you go berserk in combat.
 r - a +3 quarterstaff of chaos
   (You took it off Crazy Yiuf on level 2 of the Dungeon)
 H - a +4 blowgun
   (You took it off Sonja on level 11 of the Dungeon)
Missiles
 t - a throwing net {=f, !d}
 y - 9 curare-tipped needles
Armour
 l - a cursed +0 helmet (worn)
   (You found it on level 3 of the Dungeon)
 p - a +0 pair of boots (worn)
   (You found it on level 8 of the Dungeon)
 u - the cursed +1 ring mail of the Equator (worn) {+Inv Int+4}
   (You took it off a goblin on level 4 of the Dungeon)

   It affects your intelligence (+4).
   It lets you turn invisible.
   It has a curse placed upon it.
 F - a cursed scarf of resistance (worn)
   (You found it on level 8 of the Dungeon)
Jewellery
 h - a ring of positive energy (right hand) {rN+}
   (You found it on level 1 of the Lair of Beasts)
 i - a ring of flight (left hand) {+Fly, !d}
   (You found it on level 2 of the Dungeon)
 w - a cursed amulet of guardian spirit (around neck) {Spirit}
   (You took it off Robin on level 4 of the Dungeon)
 K - an uncursed ring of protection from cold {rC+, !d}
   (You found it on level 1 of the Lair of Beasts)
Wands
 o - a wand of iceblast (1)
   (You found it on level 8 of the Dungeon)
 v - a wand of polymorph (8)
   (You took it off Robin on level 4 of the Dungeon)
 z - a wand of digging (4)
   (You found it on level 4 of the Dungeon)
 C - a wand of paralysis (5)
   (You found it on level 7 of the Dungeon)
 G - a wand of random effects (6)
   (You found it on level 8 of the Dungeon)
Scrolls
 d - a scroll of blinking {!r}
 f - 9 scrolls of teleportation
 j - 4 scrolls of enchant weapon
 k - 5 scrolls of enchant armour
 A - 4 scrolls of identify
 B - a scroll of holy word {!r}
 M - a scroll of remove curse
 N - 2 scrolls of immolation {!r}
Potions
 g - 2 potions of brilliance
 m - 2 potions of lignification {!q}
 q - a potion of mutation {!q}
 s - 3 potions of flight
 x - a potion of agility
 I - a potion of ambrosia {unknown}
 J - 2 potions of curing
 O - a potion of might
Books
 e - a book of Conjurations
 n - a manual of Fighting {!d}
   (You found it in a bailey)
 D - a book of Minor Magic
   (You found it on level 11 of the Dungeon)
 E - a book of Callings
   (You found it on level 8 of the Dungeon)
 L - a book of Changes
   (You found it on level 3 of the Lair of Beasts)
Comestibles
 c - 40 rations


   Skills:
 - Level 12.4 Fighting
 - Level 6.2(6.8) Short Blades
 - Level 2.4(3.5) Long Blades
 - Level 5.1 Staves
 - Level 5.7(8.0) Armour
 - Level 9.8(11.9) Dodging
 - Level 6.8 Stealth
 - Level 5.3 Spellcasting
 - Level 9.7 Conjurations
 - Level 7.3 Hexes
 - Level 3.2 Translocations
 + Level 1.3 Air Magic
 + Level 1.3 Poison Magic
 - Level 5.8 Evocations


You had 3 spell levels left.
You knew the following spells:

 Your Spells              Type           Power        Failure   Level  Hunger
a - Magic Dart            Conj           ####         1%          1    None
b - Searing Ray           Conj           ######       1%          2    None
c - Dazzling Spray        Conj/Hex       #####.       2%          3    #......
d - Fulminant Prism       Conj/Hex       #####.....   9%          4    ###....
e - Mephitic Cloud        Conj/Pois/Air  ####....     16%         3    #......
f - Blink                 Tloc           N/A          12%         2    None
x - Iskenderun's Mystic   Conj           ######..     5%          4    ###....


Dungeon Overview and Level Annotations

Branches:
Dungeon (11/15)            Temple (0/1) D:6            Lair (3/6) D:11
 Shoals (0/4) Lair:2          Orc (0/2) D:9
  Snake: Lair:2-4    Spider: Lair:2-4

Altars:
Ashenzari
Cheibriados
Dithmenos
Fedhas
Gozag
Hepliaklqana
Makhleb
Okawaru
Qazlal
Ru
Sif Muna
Trog
Wu Jian
Xom
Yredelemnul
Zin
The Shining One
Beogh

Annotations:
D:4 2 transporters
D:7 Serpenta's ghost, novice OpEn
D:11 exclusion: ice statue


Innate Abilities, Weirdness & Mutations

You are small and have problems with some larger weapons.
You are carnivorous and can eat meat at any time.


Message History

Being near the torpor snail leaves you feeling lethargic.
The hippogriff barely misses you. The hippogriff completely misses you.
The hippogriff barely misses you.
Unknown command.
Aim: a hippogriff (heavily wounded, poisoned)
The spray of energy hits the hippogriff.
You kill the hippogriff!
Your Air Magic skill increases to level 1!
Your Poison Magic skill increases to level 1!
You now have 9/21 mp.
The water moccasin bites you.
You are poisoned.
The water moccasin poisons you!
You take 3 damage, and have 81/87 hp.
Unknown command.
Aim: a water moccasin (heavily wounded)
The spray of energy hits the water moccasin.
You feel sick. The water moccasin bites you. The water moccasin misses you.
The water moccasin bites you.
You are more poisoned.
The water moccasin poisons you!
You take 8 damage, and have 73/87 hp.
You now have 6/21 mp.
You hit the water moccasin.
You feel sick. The water moccasin barely misses you.
You hit the water moccasin but do no damage.
You feel sick.
The water moccasin bites you but does no damage.
You take 2 damage, and have 71/87 hp.
You barely miss the water moccasin.
You feel sick. The water moccasin closely misses you.
The water moccasin barely misses you.
You take 1 damage, and have 70/87 hp.
You hit the water moccasin.
You feel sick. The water moccasin closely misses you.
You take 1 damage, and have 69/87 hp.
You hit the water moccasin but do no damage.
You feel sick. The water moccasin bites you.
You are more poisoned.
The water moccasin poisons you! The water moccasin barely misses you.
You take 4 damage, and have 65/87 hp.
You now have 6/21 mp.
Unknown command.
Unknown command.
Okay, then.
Unknown command.
Okay, then.
Unknown command.
You feel very sick. The water moccasin closely misses you.
You take 3 damage, and have 62/87 hp.
You feel sick.
The water moccasin bites you but does no damage.
The water moccasin misses you.
You take 2 damage, and have 60/87 hp.
Aim: a water moccasin (almost dead)
The spray of energy hits the water moccasin.
You kill the water moccasin!
The spray of energy hits the torpor snail.
You feel sick. The torpor snail bites you.
You take 3 damage, and have 57/87 hp.
You now have 4/21 mp.
Aim: a torpor snail (lightly wounded)
You miscast Mephitic Cloud.
You are very lightly contaminated with residual magic.
You feel faint for a moment.
You feel sick. The torpor snail bites you!
You take 16 damage, and have 41/87 hp.
You now have 1/21 mp.
Unknown command.
You hit the torpor snail but do no damage.
The torpor snail is poisoned.
You feel sick. The torpor snail misses you.
You take 2 damage, and have 39/87 hp.
You hit the torpor snail but do no damage.
The torpor snail looks as sick as possible!
You feel sick.
The torpor snail bites you but does no damage.
You take 1 damage, and have 38/87 hp.
You hit the torpor snail.
The torpor snail looks as sick as possible!
You feel sick.
You hit the torpor snail but do no damage.
You feel sick.
The torpor snail bites you but does no damage.
You take 1 damage, and have 37/87 hp.
You hit the torpor snail but do no damage.
You feel sick. The torpor snail closely misses you.
You take 1 damage, and have 36/87 hp.
You hit the torpor snail.
The torpor snail looks as sick as possible!
You feel sick.
You take 1 damage, and have 35/87 hp.
You feel sick.
You feel sick. The torpor snail bites you!!
* * * LOW HITPOINT WARNING * * *
You take 18 damage, and have 17/87 hp.
MASSIVE DAMAGE!!
You now have 1/21 mp.
Aim: a torpor snail (heavily wounded, poisoned, chance to defeat MR: 46%)
The torpor snail resists with some effort.
You feel sick. The torpor snail bites you!
* * * LOW HITPOINT WARNING * * *
You take 15 damage, and have 2/87 hp.
You now have 0/21 mp.
Unknown command.
You feel better. The torpor snail bites you!
You die...

,.......... * *** ,,, , , .
,........#* , * , ,
..,........# * , ,
.#.##.#....# , , ,,, +
...........# * ,.#.. , ,
...........# ..P..,
...........#### ####..P.. ,
..........(##.####......#
,,, ,,
...............w@......... ,
, ,
..........†..†.....P...... ,
,
#####.#...........##P.#...,,
** ###...............#....#*
* #..................... *
#....................## *
##..............#.....#
#P.......#............# * *
##...................# ,


You could see a torpor snail.

Vanquished Creatures
  The ghost of sankara the Grappler, a journeyman DrTm of Makhleb (D:11)
  Erolcha (D:10)
  An ice dragon (D:11)
  2 hydras
  A two-headed ogre (D:10)
  The ghost of anet the Protected, a novice BaWn of Ashenzari (D:9)
  Sonja (D:11)
  Nergalle (Lair:1)
  An unseen horror (D:11)
  Pikel (D:9)
  An ugly thing (D:10)
  A manticore (D:11)
  A black mamba (Lair:2)
  Psyche (D:9)
  Joseph (D:10)
  A spiny frog (Lair:1)
  A rime drake (Lair:2)
  2 komodo dragons (Lair:2)
  A queen bee (D:10)
  2 trolls (D:9)
  4 hippogriffs
  A wraith (D:11)
  A wyvern (D:10)
  9 yaks (Lair:2)
  4 hogs (D:7)
  Eustachio (D:4)
  A human (D:7)
  Menkaure (D:7)
  4 water moccasins
  3 porcupines
  A swamp drake (D:10)
  16 ice beasts
  3 sky beasts
  16 orc warriors
  3 phantoms
  7 ogres
  6 centaurs
  7 wolves
  4 big kobolds
  9 bullfrogs
  4 gnoll sergeants
  A wyvern zombie (D:11)
  6 scorpions
  A water moccasin skeleton (D:4)
  24 killer bees (D:10)
  2 howler monkeys
  7 wights
  5 centaur zombies
  2 electric eels (D:11)
  3 crimson imps
  A bullfrog zombie (D:11)
  11 orc priests
  4 hounds
  2 jellies
  A gnoll shaman (D:5)
  Crazy Yiuf (D:2)
  3 bullfrog skeletons
  Jessica (D:2)
  2 iguanas
  Ijyb (D:4)
  10 orc wizards
  5 worker ants
  2 big kobold zombies (Ossuary)
  3 hound zombies
  A hound skeleton (D:11)
  2 mummies (Ossuary)
  3 howler monkey zombies
  A worker ant zombie (D:10)
  Robin (D:4)
  19 adders
  21 gnolls
  2 shadow imps (D:8)
  An adder zombie (D:10)
  2 adder skeletons (D:9)
  2 worms (D:2)
  3 dart slugs
  56 orcs
  3 ball pythons (D:2)
  12 bats
  5 giant cockroaches
  18 goblins
  8 hobgoblins
  14 jackals
  8 kobolds
  10 quokkas
  5 frilled lizards
  2 goblin zombies (Ossuary)
  10 hobgoblin zombies (Ossuary)
  3 jackal zombies (Ossuary)
  6 kobold zombies (Ossuary)
  10 orc zombies (Ossuary)
  7 rats
  A fungus (D:1)
462 creatures vanquished.

Vanquished Creatures (others)
  2 slaves (D:9)
  A scorpion (D:9)
  A gnoll (D:9)
  A jackal (D:10)
  14 fulminant prisms
  5 fungi
  2 plants (Lair:2)
26 creatures vanquished.

Grand Total: 488 creatures vanquished

Notes
Turn   | Place    | Note
-------+----------+-------------------------------------------
     0 | D:1      | mhoghedin the Kobold Conjurer began the quest for the Orb.
     0 | D:1      | Reached XP level 1. HP: 10/10 MP: 3/3
   186 | D:1      | Reached XP level 2. HP: 8/15 MP: 0/5
   830 | D:1      | Found an iron altar of Okawaru.
   833 | D:1      | Reached XP level 3. HP: 19/19 MP: 1/7
  1094 | D:1      | Reached skill level 3 in Spellcasting
  1107 | D:1      | Learned a level 2 spell: Searing Ray
  1111 | D:1      | Learned a level 3 spell: Dazzling Spray
  1349 | D:2      | Found a shattered altar of Ashenzari.
  1356 | D:2      | Became a worshipper of Ashenzari the Shackled
  1728 | D:2      | Reached XP level 4. HP: 22/24 MP: 0/8
  1819 | D:2      | Found a shimmering altar of Xom.
  1942 | D:2      | Found a runed door.
  2288 | D:2      | Learned a level 4 spell: Iskenderun's Mystic Blast
  2799 | D:2      | Noticed Crazy Yiuf
  2799 | D:2      | Noticed Jessica
  2803 | D:2      | Killed Jessica
  2803 | D:2      | Reached skill level 5 in Conjurations
  2803 | D:2      | Reached XP level 5. HP: 28/28 MP: 2/10
  2805 | D:2      | Killed Crazy Yiuf
  2805 | D:2      | Reached skill level 4 in Spellcasting
  3237 | D:3      | HP: 7/28 [poisoned by an adder]
  3244 | D:3      | HP: 5/28 [poisoned by an adder]
  3251 | D:3      | HP: 3/28 [poisoned by an adder]
  3259 | D:3      | HP: 2/28 [poisoned by an adder]
  3735 | D:3      | Found a burning altar of Makhleb.
  3737 | D:3      | Found a glowing silver altar of Zin.
  3737 | D:3      | Noticed an angel
  3738 | D:3      | Noticed a cacodemon
  3786 | D:3      | Reached XP level 6. HP: 32/32 MP: 8/12
  3883 | D:3      | Found a bloodstained altar of Trog.
  3965 | D:3      | Reached * piety under Ashenzari
  4144 | D:4      | Noticed a phantom
  4255 | D:4      | Killed a phantom
  4343 | D:4      | Reached skill level 5 in Spellcasting
  4343 | D:4      | Reached skill level 6 in Conjurations
  4349 | D:4      | Learned a level 4 spell: Fulminant Prism
  4444 | D:4      | Reached XP level 7. HP: 36/36 MP: 9/14
  4447 | D:4      | Noticed Ijyb
  4459 | D:4      | Killed Ijyb
  4577 | D:4      | Reached skill level 1 in Hexes
  4855 | D:4      | Found a transporter.
  4896 | D:4      | Reached skill level 1 in Fighting
  4896 | D:4      | Reached skill level 3 in Dodging
  5136 | D:4      | Reached skill level 2 in Hexes
  5167 | D:4      | Reached XP level 8. HP: 44/44 MP: 5/16
  5183 | D:4      | Noticed Robin
  5256 | D:4      | Killed Robin
  5376 | D:4      | Got the cursed ring mail of the Equator {+Inv Int+4}
  5398 | D:4      | Identified the cursed +1 ring mail of the Equator {+Inv Int+4} (You took it off a goblin on level 4 of the Dungeon)
  5415 | D:4      | Noticed Eustachio
  5425 | D:4      | Killed Eustachio
  5425 | D:4      | Reached skill level 1 in Short Blades
  5425 | D:4      | Reached skill level 3 in Stealth
  5425 | D:4      | Reached skill level 7 in Conjurations
  5425 | D:4      | Reached skill level 1 in Evocations
  5674 | D:4      | Reached skill level 3 in Hexes
  5911 | D:4      | Found a transporter.
  6166 | D:5      | Entered Level 5 of the Dungeon
  6169 | D:5      | Found a deep blue altar of Sif Muna.
  6359 | D:5      | Reached skill level 1 in Armour
  6429 | D:5      | Found a sand-covered staircase.
  6438 | Ossuary  | Entered an ossuary
  6802 | Ossuary  | Reached skill level 2 in Short Blades
  6832 | Ossuary  | Reached skill level 2 in Evocations
  7001 | Ossuary  | Reached skill level 4 in Stealth
  7120 | Ossuary  | Reached skill level 2 in Fighting
  7770 | D:5      | Reached XP level 9. HP: 43/48 MP: 10/17
  7776 | D:5      | Reached skill level 3 in Short Blades
  8737 | D:6      | Found a snail-covered altar of Cheibriados.
  8754 | D:6      | Reached ** piety under Ashenzari
  8791 | D:6      | Reached skill level 4 in Dodging
  8800 | D:6      | Reached skill level 2 in Armour
  8800 | D:6      | Reached skill level 4 in Hexes
  9027 | D:6      | Reached skill level 3 in Fighting
  9083 | D:6      | Found a glowing golden altar of the Shining One.
  9122 | D:6      | Found a sacrificial altar of Ru.
  9164 | D:6      | Found a staircase to the Ecumenical Temple.
  9236 | D:7      | Noticed Serpenta's ghost (novice OpEn)
  9328 | D:7      | Noticed Menkaure
  9334 | D:7      | Killed Menkaure
  9635 | D:7      | Found a stormy altar of Qazlal.
  9642 | D:7      | Found a blossoming altar of Fedhas.
  9681 | D:7      | Reached skill level 5 in Dodging
  9762 | D:7      | Reached skill level 4 in Fighting
  9762 | D:7      | Reached skill level 3 in Armour
 10572 | D:7      | Found an opulent altar of Gozag.
 10703 | D:7      | Reached skill level 1 in Staves
 10703 | D:7      | Reached skill level 6 in Dodging
 10703 | D:7      | Reached XP level 10. HP: 34/58 MP: 9/18
 10748 | D:7      | Reached skill level 5 in Fighting
 11256 | D:7      | Reached skill level 2 in Staves
 11256 | D:7      | Reached skill level 4 in Armour
 11270 | D:7      | HP: 15/60 [human/hand axe (7)]
 11272 | D:7      | Reached skill level 7 in Dodging
 11634 | D:8      | Found a basalt altar of Yredelemnul.
 11754 | D:8      | Found a flagged portal.
 11836 | Bailey   | Entered a bailey
 12249 | D:8      | Found an ornate altar of the Wu Jian Council.
 12282 | D:8      | Reached skill level 6 in Fighting
 12282 | D:8      | Reached skill level 3 in Staves
 12403 | D:8      | Reached *** piety under Ashenzari
 12408 | D:8      | Found a shadowy altar of Dithmenos.
 13102 | D:9      | Noticed anet's ghost (novice BaWn)
 13164 | D:9      | Killed anet's ghost
 13164 | D:9      | Reached skill level 7 in Fighting
 13164 | D:9      | Reached skill level 5 in Armour
 13278 | D:9      | Found a burning altar of Makhleb.
 13321 | D:9      | Found a staircase to the Orcish Mines.
 13339 | D:9      | Reached skill level 8 in Dodging
 13339 | D:9      | Reached XP level 11. HP: 67/67 MP: 11/19
 13339 | D:9      | Reached skill level 4 in Staves
 13351 | D:9      | HP: 17/68 [poisoned by an orc warrior]
 13364 | D:9      | HP: 17/68 [orc warrior/short sword (11)]
 13642 | D:9      | Noticed Pikel
 13657 | D:9      | Killed Pikel
 13657 | D:9      | Reached skill level 8 in Fighting
 14199 | D:9      | Noticed Psyche
 14209 | D:9      | Reached skill level 9 in Fighting
 14219 | D:9      | Killed Psyche
 14396 | D:9      | Reached **** piety under Ashenzari
 14821 | D:10     | Entered Level 10 of the Dungeon
 14830 | D:10     | Noticed a two-headed ogre
 14840 | D:10     | Reached skill level 8 in Conjurations
 14848 | D:10     | Killed a two-headed ogre
 14848 | D:10     | Reached skill level 5 in Hexes
 14901 | D:10     | Reached skill level 10 in Fighting
 15681 | D:10     | Found a hazy altar of Hepliaklqana.
 15988 | D:10     | Found a glowing silver altar of Zin.
 16000 | D:10     | Noticed Joseph
 16006 | D:10     | Killed Joseph
 16301 | D:10     | Reached skill level 6 in Hexes
 16301 | D:10     | Reached XP level 12. HP: 56/79 MP: 6/20
 16457 | D:11     | Noticed an unseen horror
 16495 | D:11     | Noticed Erolcha
 16500 | D:10     | Killed Erolcha
 16500 | D:10     | Reached skill level 11 in Fighting
 16500 | D:10     | Reached skill level 9 in Conjurations
 16674 | D:11     | Killed an unseen horror
 16674 | D:11     | Reached skill level 9 in Dodging
 16739 | D:11     | Reached skill level 3 in Evocations
 16809 | D:11     | Noticed Sonja
 16815 | D:11     | Identified the +8 falchion of Ufao {freeze, *Rage rN+ MR+} (You took it off a kobold on level 11 of the Dungeon)
 16822 | D:11     | Killed Sonja
 16846 | D:11     | Reached skill level 12 in Fighting
 16859 | D:11     | HP: 21/121 [orc warrior/battleaxe (10)]
 17060 | D:11     | HP: 17/81 [electric eel/bolt of electricity (11)]
 17439 | D:10     | Identified a scroll of acquirement
 17439 | D:10     | Identified the cursed ring "Qajawar" {rCorr rN++ Int-5 Stlth+} (You acquired it on level 10 of the Dungeon)
 17566 | D:11     | Reached skill level 5 in Staves
 17647 | D:11     | HP: 14/81 [orc warrior/glaive (16)]
 17661 | D:11     | Noticed sankara's ghost (journeyman DrTm)
 18626 | D:10     | Reached skill level 4 in Evocations
 18756 | D:10     | Reached skill level 5 in Stealth
 18873 | D:11     | Reached skill level 4 in Short Blades
 19248 | D:11     | Killed sankara's ghost
 19248 | D:11     | Reached skill level 5 in Short Blades
 19248 | D:11     | Reached skill level 6 in Stealth
 19248 | D:11     | Reached skill level 5 in Evocations
 19272 | D:11     | HP: 20/82 [wraith (11)]
 19277 | D:11     | HP: 19/82 [wraith (1)]
 19291 | D:11     | HP: 12/82 [wyvern zombie (4)]
 19722 | D:11     | Learned a level 3 spell: Mephitic Cloud
 19725 | D:11     | Learned a level 2 spell: Blink
 19826 | D:11     | Found a staircase to the Lair.
 19876 | D:11     | Found a roughly hewn altar of Beogh.
 20011 | D:11     | Noticed an ice dragon
 20027 | D:11     | Killed an ice dragon
 20394 | D:11     | Noticed a frost giant
 20690 | Lair:1   | Entered Level 1 of the Lair of Beasts
 20948 | Lair:1   | Noticed a five-headed hydra
 20968 | Lair:1   | Killed a 12-headed hydra
 20968 | Lair:1   | Reached XP level 13. HP: 87/87 MP: 16/21
 21038 | Lair:1   | Noticed Nergalle
 21058 | Lair:1   | Reached skill level 1 in Translocations
 21352 | Lair:1   | Reached skill level 1 in Long Blades
 21658 | Lair:1   | Killed Nergalle
 21899 | Lair:1   | Reached skill level 2 in Translocations
 22183 | Lair:2   | Reached skill level 2 in Long Blades
 22318 | Lair:2   | Reached skill level 7 in Hexes
 22445 | Lair:2   | Noticed a four-headed hydra
 22457 | Lair:2   | Killed a four-headed hydra
 22614 | Lair:2   | Reached skill level 3 in Translocations
 22828 | Lair:2   | Found a staircase to the Shoals.
 22926 | Lair:2   | Reached skill level 6 in Short Blades
 23735 | Lair:3   | Reached skill level 1 in Air Magic
 23735 | Lair:3   | Reached skill level 1 in Poison Magic
 23755 | Lair:3   | HP: 17/87 [torpor snail (17)]
 23756 | Lair:3   | HP: 2/87 [torpor snail (15)]
 23757 | Lair:3   | Slain by a torpor snail

Vault maps used:
D:1:      tarquinn_simple_flora_water_a, minmay_gold_behind_fungi,
          okawaru_ov_weapons_minmay
D:2:      lemuel_round_altar, evilmike_ruin_ashenzari,
          minmay_shallow_snake_nest, uniq_crazy_yiuf_cottage, uniq_jessica
D:3:      grunt_temple_overflow_order_and_chaos_2, lemuel_crystal_altar,
          first_ration
D:4:      gammafunk_cloud_chamber, st_stairs_10, uniq_eustachio, uniq_ijyb,
          uniq_robin
D:5:      old_forge, lemuel_round_altar, nicolae_ossuary_entry_ruins
D:6:      lemuel_round_altar, nicolae_tso_swordbearing_angel,
          nicolae_ru_path_of_blood, minmay_temple_entry_nine_rooms
D:7:      grunt_gozag_breadcrumbs, nicolae_qazlal_style_of_elements,
          grunt_livestock, fedhas_altar_1, uniq_menkaure
D:8:      lemuel_crystal_altar, kennysheep_mini, yredelemnul_altar_generic,
          enter_bailey_8
D:9:      kennysheep_orc_monster_closet_entryway, bloody_makhleb, uniq_pikel,
          uniq_psyche
D:10:     basic_altar, lemuel_centaur_altar, uniq_joseph
D:11:     minmay_twisted_water, lair_entry_dummy, special_room, uniq_erolcha,
          uniq_sonja
Lair:1:   uniq_nergalle
Lair:2:   shoals_dummy_entry, infiniplex_staircase_pool_2
Lair:3:   serial_bayou_pond_e
Ossuary:  ossuary_tomb_1
Bailey:   bailey_polearm_2, bailey

Skill      XL: |  1  2  3  4  5  6  7  8  9 10 11 12 13 |
---------------+----------------------------------------+-----
Spellcasting   | 3 4 5 |  5.3
Conjurations   | 5 6 7 8 9 |  9.7
Hexes          | 2 3 4 6 7 |  7.3
Fighting       | 1 2 4 7 10 12 | 12.4
Dodging        | 3 6 8 9 |  9.8
Short Blades   | 2 3 5 6 |  6.2
Stealth        | 4 6 |  6.8
Evocations     | 2 5 |  5.8
Armour         | 1 3 5 |  5.7
Staves         | 1 3 4 5 |  5.1
Translocations | 3 |  3.2
Long Blades    | 2 |  2.4
Air Magic      | 1 |  1.3
Poison Magic   | 1 |  1.3

Action                   |  1- 3 |  4- 6 |  7- 9 | 10-12 | 13-15 || total
-------------------------+-------+-------+-------+-------+-------++-------
Melee: Short sword       |    52 |   131 |   170 |       |       ||   353
       Unarmed           |     3 |       |       |       |       ||     3
       Quarterstaff      |       |       |    41 |   597 |       ||   638
       Dagger            |       |       |       |   155 |   156 ||   311
       Falchion          |       |       |       |    40 |    32 ||    72
 Cast: Magic Dart        |    58 |    21 |    13 |     4 |       ||    96
       Searing Ray       |     2 |    18 |    76 |    26 |     2 ||   124
       Dazzling Spray    |       |     1 |    22 |    47 |    26 ||    96
       Iskenderun's Myst |       |     1 |       |     3 |     2 ||     6
       Fulminant Prism   |       |       |       |     9 |     5 ||    14
       Mephitic Cloud    |       |       |       |       |     2 ||     2
Invok: Curse Item        |       |       |     2 |     2 |       ||     4
 Abil: Evoke Invisibilit |       |       |       |    12 |     2 ||    14
       Evoke Flight      |       |       |       |     3 |       ||     3
Evoke: Wand              |       |       |     2 |    61 |     4 ||    67
  Use: Scroll            |     5 |     5 |     6 |     9 |     2 ||    27
       Potion            |     1 |     2 |       |    14 |     1 ||    18
 Stab: Sleeping          |       |     8 |     2 |     5 |     1 ||    16
       Invisible         |       |     1 |     3 |    29 |     3 ||    36
       Paralysed         |       |       |       |    33 |     1 ||    34
       Confused          |       |       |       |     5 |     1 ||     6
       Distracted        |       |       |       |     2 |       ||     2
       Petrifying        |       |       |       |     1 |       ||     1
  Eat: Chunk             |     7 |    10 |    23 |    31 |    16 ||    87
       Ration            |       |       |       |     2 |       ||     2
Armor: Robe              |     4 |    30 |     4 |       |       ||    38
       Ring mail         |       |       |   122 |   185 |    70 ||   377
       Skin              |       |       |    22 |    70 |       ||    92
Dodge: Dodged            |    20 |   138 |   220 |   754 |   198 ||  1330
       Rpst.: Falchion   |       |       |       |    10 |     9 ||    19

Table legend:
 A = Spawn XP
 B = Non-spawn XP
 C = Spawn XP percentage of total XP
 D = Spawn monster count
 E = Non-spawn monster count
 F = Spawn count percentage of total count
 G = Total turns spent on level
                    A         B        C        D         E        F      G
               +---------+---------+-------+---------+---------+-------+---------
         Total |       0 |   34574 |   0.0 |       0 |     461 |   0.0 | 23757
               +---------+---------+-------+---------+---------+-------+---------
           D:1 |       0 |      40 |   0.0 |       0 |      22 |   0.0 |  1261
           D:2 |       0 |     152 |   0.0 |       0 |      23 |   0.0 |  1691
           D:3 |       0 |      95 |   0.0 |       0 |      26 |   0.0 |  1325
           D:4 |       0 |    1132 |   0.0 |       0 |      34 |   0.0 |  1994
           D:5 |       0 |     422 |   0.0 |       0 |      25 |   0.0 |  1320
           D:6 |       0 |     574 |   0.0 |       0 |      11 |   0.0 |   764
           D:7 |       0 |    2685 |   0.0 |       0 |      34 |   0.0 |  2091
           D:8 |       0 |     520 |   0.0 |       0 |      13 |   0.0 |  1279
           D:9 |       0 |    4717 |   0.0 |       0 |      49 |   0.0 |  1948
          D:10 |       0 |    7208 |   0.0 |       0 |      75 |   0.0 |  3571
          D:11 |       0 |    8261 |   0.0 |       0 |      77 |   0.0 |  2005
        Lair:1 |       0 |    3512 |   0.0 |       0 |      14 |   0.0 |  1445
        Lair:2 |       0 |    4560 |   0.0 |       0 |      17 |   0.0 |  1547
        Lair:3 |       0 |     400 |   0.0 |       0 |       2 |   0.0 |    75
       Ossuary |       0 |     296 |   0.0 |       0 |      39 |   0.0 |  1175
               +---------+---------+-------+---------+---------+-------+---------

Vault maps used:
D:1:      tarquinn_simple_flora_water_a, minmay_gold_behind_fungi,
          okawaru_ov_weapons_minmay
D:2:      lemuel_round_altar, evilmike_ruin_ashenzari,
          minmay_shallow_snake_nest, uniq_crazy_yiuf_cottage, uniq_jessica
D:3:      grunt_temple_overflow_order_and_chaos_2, lemuel_crystal_altar,
          first_ration
D:4:      gammafunk_cloud_chamber, st_stairs_10, uniq_eustachio, uniq_ijyb,
          uniq_robin
D:5:      old_forge, lemuel_round_altar, nicolae_ossuary_entry_ruins
D:6:      lemuel_round_altar, nicolae_tso_swordbearing_angel,
          nicolae_ru_path_of_blood, minmay_temple_entry_nine_rooms
D:7:      grunt_gozag_breadcrumbs, nicolae_qazlal_style_of_elements,
          grunt_livestock, fedhas_altar_1, uniq_menkaure
D:8:      lemuel_crystal_altar, kennysheep_mini, yredelemnul_altar_generic,
          enter_bailey_8
D:9:      kennysheep_orc_monster_closet_entryway, bloody_makhleb, uniq_pikel,
          uniq_psyche
D:10:     basic_altar, lemuel_centaur_altar, uniq_joseph
D:11:     minmay_twisted_water, lair_entry_dummy, special_room, uniq_erolcha,
          uniq_sonja
Lair:1:   uniq_nergalle
Lair:2:   shoals_dummy_entry, infiniplex_staircase_pool_2
Lair:3:   serial_bayou_pond_e
Ossuary:  ossuary_tomb_1
Bailey:   bailey_polearm_2, bailey

Table legend:
 A = Turns spent in this place as a percentage of turns spent in the entire game.
 B = Non-inter-level travel turns spent in this place as a percentage of non-inter-level travel turns spent in the entire game.
 C = Inter-level travel turns spent in this place as a percentage of turns spent in this place.
 D = Turns resting spent in this place as a percentage of non-inter-level travel turns spent in this place.
 E = Turns spent auto-exploring this place as a percentage of non-inter-level travel turns spent in this place.
 F = Non-inter-level travel turns spent in this place divided by the number of levels of this place that you've seen.
                   A       B       C       D       E      F
               +-------+-------+-------+-------+-------+----------------------
         Total | 100.0 | 100.0 |   4.6 |  44.0 |  34.1 | 1416.8
       Dungeon |  81.0 |  80.4 |   5.3 |  43.2 |  34.8 | 1657.0
          Lair |  12.9 |  13.2 |   2.2 |  41.6 |  41.7 | 1000.3
       Ossuary |   4.9 |   5.2 |   0.0 |  57.4 |  11.8 | 1175.0
        Bailey |   1.1 |   1.2 |   0.0 |  65.0 |   0.0 | 266.0
               +-------+-------+-------+-------+-------+----------------------

Table legend:
 A = Kills in this place as a percentage of kills in entire the game.
 B = Kills by you in this place as a percentage of kills by you in the entire game.
 C = Kills by friends in this place as a percentage of kills by friends in the entire game.
 D = Other kills in this place as a percentage of other kills in the entire game.
 E = Experience gained in this place as a percentage of experience gained in the entire game.
 F = Experience gained in this place divided by the number of levels of this place that you have seen.
                   A       B       C       D       E      F
               +-------+-------+-------+-------+-------+----------------------
         Total | 100.0 | 100.0 |   N/A | 100.0 | 100.0 | 2160.9
       Dungeon |  84.4 |  84.7 |   N/A |   0.0 |  74.6 | 2346.0
          Lair |   7.2 |   6.8 |   N/A | 100.0 |  24.5 | 2824.0
       Ossuary |   8.5 |   8.5 |   N/A |   0.0 |   0.9 | 296.0
               +-------+-------+-------+-------+-------+----------------------
